 Dungeon Crawl Stone Soup version 0.24-a0-378-g94936e5 (webtiles) character file.

Game seed: 46792512663477601

354 silenth the Slasher (level 6, -10/51 HPs)
             Began as a Barachi Gladiator on June 2, 2019.
             Killed from afar by Dowan (24 damage)
             ... with a shard of ice
             ... on level 4 of the Dungeon.
             The game lasted 00:05:08 (2994 turns).

silenth the Slasher (Barachi Gladiator)             Turns: 2994, Time: 00:05:08

Health: -10/51     AC:  7    Str: 15    XL:     6   Next: 63%
Magic:  6/6        EV: 12    Int:  9    God:
Gold:   178        SH:  0    Dex: 15    Spells: 5/5 levels left

rFire    . . .     SeeInvis .   a - +0 long sword
rCold    . . .     Gourm    .   (no shield)
rNeg     . . .     Faith    .   o - +0 ring mail
rPois    .         Spirit   .   c - +0 helmet
rElec    .         Reflect  .   (no cloak)
rCorr    +         Harm     .   n - +0 pair of gloves
MR       .....                  (no boots)
Stlth    +.........             (no amulet)
HPRegen  0.17/turn              (no ring)
MPRegen  0.10/turn              v - ring of resist corrosion

@: lethally poisoned (-10 -> -11), slow
A: +LOS, swims, slowness 1, strong legs 1
a: Hop


You were on level 4 of the Dungeon.
You were not hungry.

You visited 1 branch of the dungeon, and saw 4 of its levels.

You collected 178 gold pieces.

Inventory:

Hand Weapons
 a - a +0 long sword (weapon)
 i - a +0 dagger of freezing
 r - a +2 dagger of speed
 s - a +3 flail
Missiles
 d - 4 throwing nets (quivered)
 l - 2 boomerangs
Armour
 b - a +0 leather armour
 c - a +0 helmet (worn)
 n - a +0 pair of gloves (worn)
 o - a +0 ring mail (worn)
 t - a +0 chain mail
Jewellery
 g - an uncursed amulet of faith
 v - a ring of resist corrosion (right hand)
Scrolls
 h - a scroll of fear
 u - a scroll of teleportation {unknown}
 w - a scroll of blinking {unknown}
Potions
 f - a potion of cancellation {unknown}
 j - a potion of brilliance {unknown}
 k - a potion of mutation {unknown}
 m - 3 potions of curing
Comestibles
 e - 8 rations


   Skills:
 + Level 5.0 Fighting
 * Level 7.4 Long Blades
 - Level 2.0 Throwing
 - Level 3.2 Dodging


You had 5 spell levels left.
You didn't know any spells.
Your spell library was empty.

Dungeon Overview and Level Annotations

Branches:
Dungeon (4/15)
 Temple: D:4-7

Altars:

Annotations:
D:4 Dowan


Innate Abilities, Weirdness & Mutations

Shadows flee at your approach. (+LOS)
You can swim through water.
You cover ground slowly.
You can hop short distances.


Message History

You are poisoned.
You slash Dowan!
Dowan is almost dead.
You feel sick.
Dowan hits you with a +5 dagger of venom.
You miss Dowan.
Dowan is almost dead.
Dowan mumbles some strange words.
Dowan blinks!
Dowan zaps a wand.
The burst of metal fragments hits you.
The burst of metal fragments misses you. x5
The burst of metal fragments hits you.
* * * LOW HITPOINT WARNING * * *
The burst of metal fragments misses you.
The now-empty wand crumbles to dust.
You miss Dowan.
Dowan is almost dead.
You feel sick. Dowan casts a spell at you. The shard of ice hits you!!
You die...

#..........#
#..^.......#
#########...##
#.......#...##
#.......#....#
#.......#[...# #
#.......#....#
#..?#...e...#....#
#...'.ยง@....'....#
###.#.......######
#######.....
#.....# #.....#
#.....# #.....#
#.....# #.....#


You could see Dowan.

Vanquished Creatures
  Duvessa (D:4)
  An orc priest (D:3)
  Robin (D:2)
  6 adders
  6 oozes
  2 worms (D:3)
  3 dart slugs (D:2)
  6 leopard geckos
  3 orcs (D:3)
  A ball python (D:1)
  7 bats
  14 giant cockroaches
  18 goblins
  14 hobgoblins
  2 jackals (D:1)
  A quokka (D:2)
  5 frilled lizards
  12 kobolds
  5 rats
108 creatures vanquished.

Notes
Turn   | Place    | Note
-------+----------+-------------------------------------------
     0 | D:1      | silenth the Barachi Gladiator began the quest for the Orb.
     0 | D:1      | Reached XP level 1. HP: 17/17 MP: 1/1
    29 | D:1      | Reached skill level 4 in Long Blades
    49 | D:1      | Reached XP level 2. HP: 17/23 MP: 2/2
   268 | D:1      | Reached skill level 3 in Fighting
   302 | D:1      | Reached XP level 3. HP: 28/29 MP: 3/3
   802 | D:1      | Reached skill level 5 in Long Blades
  1043 | D:2      | Reached XP level 4. HP: 31/35 MP: 4/4
  1415 | D:3      | Reached XP level 5. HP: 18/42 MP: 5/5
  1555 | D:3      | Reached skill level 4 in Fighting
  1587 | D:3      | Reached skill level 6 in Long Blades
  1598 | D:3      | Noticed Robin
  1615 | D:2      | HP: 4/42 [Robin/goblin (3)]
  1618 | D:2      | HP: 1/42 [hobgoblin[Robin] (2)]
  1630 | D:2      | Killed Robin
  2576 | D:4      | Noticed Duvessa
  2592 | D:3      | Reached XP level 6. HP: 33/49 MP: 6/6
  2727 | D:4      | Killed Duvessa
  2727 | D:4      | Reached skill level 5 in Fighting
  2727 | D:4      | Reached skill level 7 in Long Blades
  2731 | D:4      | Noticed Dowan
  2994 | D:4      | Killed from afar by Dowan

Levels and vault maps discovered:
D:1:      nzn_arrival_depleted_hourglass, layout_basic
D:2:      minmay_roachtagon, layout_rooms, first_ration
D:3:      minmay_general_purpose_star, layout_basic, due_unseen_surprise,
          uniq_robin
D:4:      layout_gridville, uniq_duvessa

Skill      XL: |  1  2  3  4  5  6 |
---------------+-------------------+-----
Long Blades    | 4 5 6 7 |  7.4
Fighting       | 3 4 5 |  5.0
Throwing       | |  2.0
Dodging        | |  3.2

Action                   |  1- 3 |  4- 6 || total
-------------------------+-------+-------++-------
Melee: Long sword        |    71 |   204 ||   275
 Abil: Hop               |       |     1 ||     1
  Use: Scroll            |     4 |     2 ||     6
       Potion            |       |     3 ||     3
  Eat: Chunk             |       |     6 ||     6
       Ration            |       |     1 ||     1
Armor: Leather armour    |    15 |       ||    15
       Ring mail         |     5 |   118 ||   123
Dodge: Dodged            |    78 |   200 ||   278
       Rpst.: Long sword |    30 |    60 ||    90

Table legend:
 A = Non-vault XP
 B = Vault XP
 C = Vault XP percentage of total XP
 D = Non-vault monster count
 E = Vault monster count
 F = Vault count percentage of total count
                 A         B        C        D         E       F
            +---------+---------+-------+---------+---------+-------
      Total |     283 |     224 |  44.2 |      78 |      30 |  27.8
            +---------+---------+-------+---------+---------+-------
        D:1 |      68 |       0 |   0.0 |      31 |       0 |   0.0
        D:2 |      60 |      44 |  42.3 |      20 |      16 |  44.4
        D:3 |     126 |      33 |  20.8 |      24 |      13 |  35.1
        D:4 |      29 |     147 |  83.5 |       3 |       1 |  25.0
            +---------+---------+-------+---------+---------+-------
